 Dungeon Crawl Stone Soup version 0.18-a0-888-gdb73dea (webtiles) character file.

29 Jmtri7 the Conjurer (level 3, 0/19 HPs)
             Began as a Tengu Conjurer on Dec 23, 2015.
             Was a Follower of Nemelex Xobeh.
             Slain by Natasha (7 damage)
             ... on level 2 of the Dungeon.
             The game lasted 00:07:57 (1176 turns).

Jmtri7 the Conjurer (Tengu Conjurer)                Turns: 1176, Time: 00:07:57

Health: 0/19       AC:  2    Str:  7 (8)  XL:     3   Next: 16%
Magic:  5/8        EV: 12    Int: 16      God:    Nemelex Xobeh [*.....]
Gold:   49         SH:  0    Dex: 14      Spells: 2 memorised, 4 levels left

rFire  . . .     SeeInvis .     d - +0 dagger (curse)
rCold  . . .     Gourm    .     a - +0 robe
rNeg   . . .     Faith    .     (no shield)
rPois  .         Spirit   .     (helmet restricted)
rElec  .         Dismiss  .     (no cloak)
rCorr  .         Reflect  .     (no gloves)
SustAt .         Harm     .     (boots unavailable)
MR     .....                    (no amulet)
Stlth  ++........               (no ring)
                                (no ring)

@: not resistant to hostile enchantments, unstealthy
A: beak, talons 3
a: Renounce Religion


You were on level 2 of the Dungeon.
You worshipped Nemelex Xobeh.
Nemelex Xobeh was aware of your devotion.
You were very hungry.

You visited 1 branch of the dungeon, and saw 2 of its levels.

You collected 49 gold pieces.

Inventory:

Hand Weapons
 d - a cursed +0 dagger (weapon)
 j - a cursed -3 mace
Armour
 a - a +0 robe (worn)
Scrolls
 i - a scroll of fog
Potions
 e - a potion of degeneration
 f - a potion of lignification
Books
 b - a book of Conjurations

   Spells                             Type                      Level
   a - Magic Dart                     Conjuration                  1
   b - Searing Ray                    Conjuration                  2
   c - Dazzling Spray                 Conjuration/Hexes            3
   d - Fulminant Prism                Conjuration/Hexes            4
   e - Iskenderun's Mystic Blast      Conjuration                  4
   f - Iskenderun's Battlesphere      Conjuration/Charms           5
Miscellaneous
 h - a plain deck of war {drawn: 1}
 k - a plain deck of war {drawn: 1}
Comestibles
 c - 2 bread rations
 g - a meat ration


   Skills:
 - Level 2.1 Dodging
 - Level 2.0 Stealth
 * Level 2.8 Spellcasting
 + Level 5.8 Conjurations


You had 4 spell levels left.
You knew the following spells:

 Your Spells              Type           Power        Failure   Level  Hunger
a - Magic Dart            Conj           ###.         1%          1    #......
b - Searing Ray           Conj           ###...       2%          2    ##.....


Dungeon Overview and Level Annotations

Branches:
Dungeon (2/15)

Altars:
Nemelex Xobeh
Vehumet
Xom

Annotations:
D:2 Natasha


Innate Abilities, Weirdness & Mutations

You have a beak for a mouth.
You have claws for feet.


Message History

The hobgoblin shouts!
Natasha claws you!
Casting: Magic Dart
Confirm with . or Enter, or press ? or * to list all spells.
Aiming: Magic Dart
Press: ? - help, Shift-Dir - straight line, f/p - Natasha
Aim: Natasha (moderately wounded)
The magic dart hits Natasha.
Natasha is heavily wounded.
Natasha claws you but does no damage.
Casting: Magic Dart
Confirm with . or Enter, or press ? or * to list all spells.
Aiming: Magic Dart
Press: ? - help, Shift-Dir - straight line, f/p - Natasha
Aim: Natasha (heavily wounded)
The magic dart hits Natasha.
Natasha is severely wounded.
Natasha claws you!
You die...
Your body disappears without a glow.

#.#..#...#
#.
#.......#
##.
#.#.##.##
#..
#†.....#
#..
###.####
#.. #.#
##. #.# #.
#.# ##
#@## #h.#
##g# #.#
#.# #..
###


You could see Natasha and a hobgoblin.

Vanquished Creatures
  An ooze (D:2)
  2 giant geckos
  2 bats
  A giant cockroach (D:2)
  2 hobgoblins (D:1)
  3 jackals (D:2)
  2 kobolds
  A quokka (D:2)
  A giant newt (D:2)
  3 goblins
  A rat (D:2)
19 creatures vanquished.

Notes
Turn   | Place    | Note
--------------------------------------------------------------
     0 | D:1      | Jmtri7 the Tengu Conjurer began the quest for the Orb.
     0 | D:1      | Reached XP level 1. HP: 10/10 MP: 4/4
     6 | D:1      | Noticed a frost giant
     6 | D:1      | Noticed a queen ant
     6 | D:1      | Noticed a giant leech
     6 | D:1      | Noticed an iguana
    60 | D:1      | Reached XP level 2. HP: 6/15 MP: 4/6
   693 | D:2      | Found a radiant altar of Vehumet.
   694 | D:2      | Found a shimmering altar of Xom.
   933 | D:2      | Learned a level 2 spell: Searing Ray
   962 | D:2      | Reached XP level 3. HP: 12/19 MP: 0/8
  1111 | D:2      | Found a faded altar to an unknown god.
  1125 | D:2      | Became a worshipper of Nemelex Xobeh the Trickster
  1125 | D:2      | Received a gift from Nemelex Xobeh
  1125 | D:2      | Reached * piety under Nemelex Xobeh
  1125 | D:2      | Received a gift from Nemelex Xobeh
  1168 | D:2      | Noticed Natasha
  1176 | D:2      | Slain by Natasha

Vault maps used:
D:1:      onia_arrival_zoo_common
D:2:      nicolae_overflow_hidden_temple, ecumenical_altar_2, uniq_natasha

Action                   || total
-------------------------++-------
Melee: Dagger            ||     9
 Cast: Magic Dart        ||    38
       Searing Ray       ||     1
Evoke: Deck              ||     2
  Use: Scroll            ||     4
       Potion            ||     2
 Stab: Sleeping          ||     1
